 Dungeon Crawl Stone Soup version 0.19.5 (webtiles) character file.

2 tidbits the Caller (level 1, -2/11 HPs)
             Began as a High Elf Wanderer on Oct 31, 2017.
             Slain by a jackal (3 damage)
             ... on level 1 of the Dungeon.
             The game lasted 00:01:01 (210 turns).

tidbits the Caller (High Elf Wanderer)               Turns: 210, Time: 00:01:02

Health: -2/11      AC:  2    Str: 12    XL:     1   Next: 25%
Magic:  2/2        EV:  8    Int: 16    God:
Gold:   8          SH:  7    Dex: 12    Spells: 0 memorised, 0 levels left

rFire  . . .     SeeInvis .     a - +0 club
rCold  . . .     Gourm    .     B - +0 robe
rNeg   . . .     Faith    .     D - +0 shield
rPois  .         Spirit   .     (no helmet)
rElec  .         Reflect  .     (no cloak)
rCorr  .         Harm     .     (no gloves)
MR     .....                    (no boots)
Stlth  +.........               (no amulet)
                                (no ring)
                                (no ring)

@: no status effects
A: no striking features
a: no special abilities


You were on level 1 of the Dungeon.
You were not hungry.

You visited 1 branch of the dungeon, and saw 1 of its levels.

You collected 8 gold pieces.

Inventory:

Hand Weapons
 a - a +0 club (weapon)
Armour
 B - a +0 robe (worn)
 D - a +0 shield (worn)
Scrolls
 e - a scroll of magic mapping {unknown}
 g - a scroll of fear {unknown}
Books
 b - Voakuzax's Guide on Earth

   Spells                             Type                      Level
   a - Sandblast                      Earth                        1
   b - Stone Arrow                    Conjuration/Earth            3
 c - the Papyrus of the Engineer

   Spells                             Type                      Level
   a - Summon Small Mammal            Summoning                    1
   b - Call Canine Familiar           Summoning                    3
Comestibles
 d - a beef jerky
 f - a bread ration


   Skills:
 + Level 0.0 Fighting
 - Level 1.0 Throwing
 + Level 0.4 Dodging
 + Level 1.0 Shields
   Level 1.1 Conjurations
   Level 2.6 Summonings
   Level 2.1 Translocations
   Level 1.5 Earth Magic


You couldn't memorise any spells.
You didn't know any spells.

Dungeon Overview and Level Annotations

Branches:
Dungeon (1/15)

Altars:


Message History

You closely miss the bat. The bat hits you but does no damage. x2
You hit the bat but do no damage. You block the bat's attack.
The bat hits you but does no damage.
You closely miss the bat. You block the bat's attack.
The bat barely misses you. You block the bat's attack.
You barely miss the bat. The bat barely misses you. You block the bat's attack.
The bat barely misses you. The bat completely misses you.
You hit the bat but do no damage. You block the bat's attack.
You barely miss the bat. The bat closely misses you.
You block the bat's attack. x2
You closely miss the bat. The bat hits you but does no damage. x2
You hit the bat.
The bat is moderately wounded.
The bat hits you.
You hit the bat.
The bat is severely wounded.
You block the bat's attack. x2; The bat closely misses you.
You closely miss the bat.
The bat is severely wounded.
You block the bat's attack.
You hit the bat.
You kill the bat!
You open the door.
A dart slug comes into view.
The dart slug launches a dart at you. The slug dart hits you!
Found a scroll labeled JAIBIM WYHY and a scroll labeled WUYMEKHL EPIOH.
You close the door.
You start resting.
HP restored.
You open the door.
There is an open door here.
e - a scroll labeled JAIBIM WYHY
g - a scroll labeled WUYMEKHL EPIOH
Found 8 gold pieces.
A bat and a goblin come into view.
Found a scroll labeled SEQYDA ELODIESI.
A bat comes into view.
The goblin shouts!
The goblin moves out of view.
You see here 8 gold pieces.
You barely miss the bat. The bat hits you but does no damage. x2
You now have 8 gold pieces.
The bat hits you but does no damage.
A jackal and a goblin come into view.
The jackal barks!
You hit the bat.
You kill the bat!
The jackal moves out of view.
The bat hits you but does no damage. You block the bat's attack.
A kobold comes into view. It is wielding a short sword.
You block the bat's attack. You block the bat's attack.
Your shield prevents you from hitting the bat.
You block the bat's attack.
Firing (i - inventory): No suitable missiles.
Press: ? - help, Shift-Dir - straight line, f - jackal
Aim: a jackal
Okay, then.
The jackal barely misses you.
You closely miss the jackal. The jackal barely misses you.
The jackal bites you.
Your shield prevents you from hitting the jackal.
The jackal bites you but does no damage.
The jackal barely misses you.
You closely miss the jackal. You block the jackal's attack. x2
You barely miss the jackal. The jackal barely misses you.
You block the jackal's attack.
You hit the jackal but do no damage.
The jackal bites you but does no damage.
You barely miss the jackal. The jackal barely misses you.
You block the jackal's attack.
You completely miss the jackal.
The jackal bites you but does no damage.
You block the jackal's attack.
A jackal comes into view.
The jackal barks!
You hit the jackal but do no damage. You block the jackal's attack.
The jackal completely misses you.
You hit the jackal.
The jackal is heavily wounded.
The jackal bites you. The jackal closely misses you. The jackal bites you.
* * * LOW HITPOINT WARNING * * *
You block the jackal's attack.
Your shield prevents you from hitting the jackal.
The jackal is heavily wounded.
The jackal bites you.
* * * LOW HITPOINT WARNING * * *
The jackal closely misses you. The jackal barely misses you.
The jackal bites you.
* * * LOW HITPOINT WARNING * * *
You completely miss the jackal.
The jackal is heavily wounded.
The jackal closely misses you. You block the jackal's attack. x2
The jackal bites you.
* * * LOW HITPOINT WARNING * * *
You closely miss the jackal.
The jackal is heavily wounded.
The jackal closely misses you. You block the jackal's attack. x2
The jackal bites you.
You die... .# ###.### .....K ...?. #g.. #gh

#†# #####g# #
#.@hbg#
###.#####h#####
#.........#
.#.##....#
#.#....#
#.###### #.#
#.# ####.#


You could see 2 jackals, 2 goblins and a bat.

Vanquished Creatures
  2 bats (D:1)
2 creatures vanquished.

Notes
Turn   | Place    | Note
-------+----------+-------------------------------------------
     0 | D:1      | tidbits the High Elf Wanderer began the quest for the Orb.
     0 | D:1      | tidbits set off with: a +0 shield, Voakuzax's Guide on Earth, the Papyrus of the Engineer, a +0 robe, a +0 club, a bread ration
     0 | D:1      | Reached XP level 1. HP: 11/11 MP: 2/2
     0 | D:1      | Identified Voakuzax's Guide on Earth
     0 | D:1      | Identified the Papyrus of the Engineer
   209 | D:1      | HP: 1/11 [jackal (1)]
   210 | D:1      | Slain by a jackal

Action                   || total
-------------------------++-------
Melee: Club              ||    27
Armor: Robe              ||    14
Dodge: Dodged            ||    18
Block: Shield            ||    26

Table legend:
 A = Turns spent in this place as a percentage of turns spent in the entire game.
 B = Non-inter-level travel turns spent in this place as a percentage of non-inter-level travel turns spent in the entire game.
 C = Inter-level travel turns spent in this place as a percentage of turns spent in this place.
 D = Turns resting spent in this place as a percentage of non-inter-level travel turns spent in this place.
 E = Turns spent auto-exploring this place as a percentage of non-inter-level travel turns spent in this place.
 F = Non-inter-level travel turns spent in this place divided by the number of levels of this place that you've seen.
                   A       B       C       D       E      F
               +-------+-------+-------+-------+-------+----------------------
         Total | 100.0 | 100.0 |   0.0 |   2.5 |   0.0 |  79.0
       Dungeon | 100.0 | 100.0 |   0.0 |   2.5 |   0.0 |  79.0
               +-------+-------+-------+-------+-------+----------------------

Table legend:
 A = Kills in this place as a percentage of kills in entire the game.
 B = Kills by you in this place as a percentage of kills by you in the entire game.
 C = Kills by friends in this place as a percentage of kills by friends in the entire game.
 D = Other kills in this place as a percentage of other kills in the entire game.
 E = Experience gained in this place as a percentage of experience gained in the entire game.
 F = Experience gained in this place divided by the number of levels of this place that you have seen.
                   A       B       C       D       E      F
               +-------+-------+-------+-------+-------+----------------------
         Total | 100.0 | 100.0 |  -nan |  -nan | 100.0 |   3.0
       Dungeon | 100.0 | 100.0 |  -nan |  -nan | 100.0 |   3.0
               +-------+-------+-------+-------+-------+----------------------

Vault maps used:
D:1:      tarquinn_simple_flora_water_e, serial_curves, eino_curves_04,
          eino_curves_03
